 Dungeon Crawl Stone Soup version 0.30-a0-618-gd6c86c23d0 (webtiles) character file.

Game seed: 5510257043198574887

2497 Monkooky the Frost Mage (level 9, -5/80 HPs)
             Began as an Ogre Reaver on Jan 9, 2023.
             Was a Priest of Okawaru.
             Slain by an orc
             ... wielding a +0 trident
              (9 damage)
             ... in a bailey.
             The game lasted 00:19:23 (7853 turns).

Monkooky the Frost Mage (Ogre Reaver)               Turns: 7853, Time: 00:19:24

Health: -5/80      AC:  3    Str: 18    XL:     9   Next: 52%
Magic:  9/17       EV:  9    Int: 18    God:    Okawaru [***...]
Gold:   261        SH:  0    Dex:  7    Spells: 5/19 levels left

rFire   . . .      SeeInvis .      - Unarmed
rCold   . . .      Faith    .    (shield currently unavailable)
rNeg    . . .      Spirit   .    b - +0 robe
rPois   .          Reflect  .    (helmet restricted)
rElec   .          Harm     .    (no cloak)
rCorr   .          Rampage  .    (gloves unavailable)
Will    .....                    (boots unavailable)
Stlth   +                        (no amulet)
HPRegen 0.33/turn                C - ring of wizardry
MPRegen 0.15/turn                (no ring)

@: blade hands (expiring)
A: large, unfitting armour, tough skin 1
a: End Transformation, Renounce Religion, Heroism


You were in a bailey.
You worshipped Okawaru.
Okawaru was most pleased with you.
You had blades for hands.
You visited 1 branch of the dungeon, and saw 7 of its levels.
You also visited: Bailey.

You collected 261 gold pieces.

Inventory:

Hand Weapons
 a - a +0 hand axe (melded)
 v - a +2 battleaxe of electrocution
Missiles
 e - a throwing net
 A - a curare-tipped dart
 B - 19 poisoned darts
 D - 2 large rocks
Armour
 b - a +0 robe (worn)
Jewellery
 t - an amulet of regeneration
 C - a ring of wizardry (left blade hand)
Wands
 m - a wand of acid (8)
 r - a wand of mindburst (7)
 u - a wand of polymorph (7)
Scrolls
 g - 5 scrolls of teleportation
 i - a scroll of silence
 j - 2 scrolls of torment {unknown}
 l - a scroll of noise
 n - a scroll of brand weapon
 x - a scroll of vulnerability
 y - a scroll of enchant armour {unknown}
 z - a scroll of magic mapping {unknown}
Potions
 d - 2 potions of curing {unknown}
 f - a potion of attraction {unknown}
 o - 2 potions of mutation {unknown}
 p - 2 potions of magic {unknown}
 q - a potion of degeneration {unknown}
 s - a potion of flight {unknown}
 w - 2 potions of might
 E - a potion of invisibility {unknown}
 F - a potion of brilliance {unknown}


   Skills:
 - Level 2.7 Fighting
 - Level 3.0 Axes
 - Level 1.1 Throwing
 - Level 1.8 Dodging
 * Level 1.3 Unarmed Combat
 - Level 5.7 Spellcasting
 - Level 3.7 Conjurations
 - Level 1.0 Translocations
 - Level 4.9 Transmutations
 - Level 8.4 Ice Magic


You had 5 spell levels left.
You knew the following spells:

 Your Spells              Type           Power      Damage    Failure   Level
a - Kiss of Death         Conj/Necr      44%        2d8       16%         1
b - Momentum Strike       Conj/Tloc      26%        3d8       16%         2
c - Ozocubu's Armour      Ice            35%        N/A       6%          3
d - Hailstorm             Conj/Ice       27%        3d7       11%         3
e - Blade Hands           Tmut           11%        N/A       47%         5

Your spell library contained the following spells:

 Spells                   Type           Power      Damage    Failure   Level
 Portal Projectile        Hex/Tloc       14%        N/A       38%         3
 Ozocubu's Refrigeration  Ice            17%        4d11      94%         7
 Tukima's Dance           Hex            Unusable   N/A       N/A         3

Dungeon Overview and Level Annotations

Branches:
Dungeon (7/15)             Bailey (1/1)
 Temple: D:4-7

Altars:
Gozag
Makhleb
Nemelex Xobeh
Okawaru
Sif Muna
Trog
Uskayaw
Vehumet
Xom

Shops:
D:5 [

Annotations:
D:7 Joseph


Innate Abilities, Weirdness & Mutations

You have blades for hands.
Your spellcasting is less reliable in this form.
You are incapable of wielding weapons or throwing items.
You are too large for most types of armour.
You have tough skin. (AC +1)


Message History

You feel much better.
An orc warrior comes into view. It is wielding a +0 spear.
The orc warrior misses you.
The orc hits you from afar with a +0 trident.
The orc warrior shouts!
You slice the orc warrior!!
The orc warrior is severely wounded.
The orc warrior closely misses you.
The orc hits you from afar with a +0 trident!
* * * LOW HITPOINT WARNING * * *
You hit the orc warrior.
The orc warrior is severely wounded.
The orc warrior hits you with a +0 glaive!
* * * LOW HITPOINT WARNING * * *
The orc hits you from afar with a +0 trident!
* * * LOW HITPOINT WARNING * * *
You feel much better.
Your transformation is almost over.
The orc hits you from afar with a +0 trident.
* * * LOW HITPOINT WARNING * * *
You slice the orc warrior!!
You kill the orc warrior!
Okawaru accepts your kill. The orc barely misses you.
Your Unarmed Combat skill increases to level 1!
Aiming: Mindburst
Press: ? - help, Shift-Dir - straight line
Okay, then.
The orc hits you with a +0 trident.
* * * LOW HITPOINT WARNING * * *
There is a large open door, spattered with blood here.
You barely miss the orc. The orc barely misses you.
You barely miss the orc.
The orc warrior hits you from afar with a +0 spear!
* * * LOW HITPOINT WARNING * * *
The orc hits you with a +0 trident.
* * * LOW HITPOINT WARNING * * *
Unknown command.
The orc hits you from afar with a +0 trident!
You die...

♣♣≈≈≈≈≈♣♣♣..##
#♣.≈≈≈≈≈♣♣....#
#...≈≈≈≈≈♣..####
##.♣..≈≈≈≈♣..#$.#######
##.....≈≈≈≈...#.........
....♣..≈≈≈≈.♣.##........
.......≈≈≈≈....#..######
......######...#.8# .
...............#@.#
..............)'[.#
..............)'o)#
...............#[.#
......######...#)8#
....♣..≈ ≈....#..#
...♣♣..≈ ≈≈...##...
##.... ≈≈≈...#.....
≈≈≈≈..# .####


You could see an orc.

Vanquished Creatures
  An orc knight (Bailey)
  A steam dragon (D:7)
  An ice beast (D:5)
  4 orc warriors (Bailey)
  2 sky beasts (D:6)
  2 centaurs (D:6)
  2 ogres
  A phantom (D:5)
  A kobold brigand (D:6)
  A bullfrog (D:6)
  2 scorpions
  A howler monkey (D:4)
  2 hounds
  2 gnoll boudas
  2 orc priests
  An iguana (D:6)
  4 orc wizards
  Robin (D:4)
  7 gnolls
  6 adders
  3 shadow imps
  An ufetubus (D:4)
  3 worms
  28 orcs
  4 ball pythons
  4 bats
  4 endoplasms
  2 giant cockroaches (D:4)
  17 goblins
  5 hobgoblins
  10 jackals
  12 kobolds
  4 quokkas
  3 frilled lizards
  7 rats
151 creatures vanquished.

Vanquished Creatures (others)
  A plant (D:3)
1 creature vanquished.

Grand Total: 152 creatures vanquished

Notes
Turn   | Place    | Note
-------+----------+-------------------------------------------
     0 | D:1      | Monkooky the Ogre Reaver began the quest for the Orb.
     0 | D:1      | Reached XP level 1. HP: 22/22 MP: 3/3
   206 | D:1      | Reached XP level 2. HP: 19/29 MP: 5/5
   209 | D:1      | Learned a level 2 spell: Momentum Strike
   757 | D:2      | You fall into a shaft and drop 2 floors!
   769 | D:4      | Reached XP level 3. HP: 20/36 MP: 4/7
  1048 | D:3      | Found an iron altar of Okawaru.
  1076 | D:3      | Became a worshipper of Warmaster Okawaru
  1162 | D:3      | Reached XP level 4. HP: 36/44 MP: 6/9
  1166 | D:3      | Learned a level 3 spell: Ozocubu's Armour
  1170 | D:3      | Learned a level 3 spell: Hailstorm
  1218 | D:3      | Identified the +1 leather armour "Icoen" {Rampage Int+2}
  1432 | D:3      | Found a shimmering blue altar of Sif Muna.
  1465 | D:3      | Reached skill level 1 in Ice Magic
  1806 | D:3      | Found a shimmering altar of Xom.
  1806 | D:3      | Found a shimmering altar of Xom.
  1808 | D:3      | Found a shimmering altar of Xom.
  1818 | D:3      | Found a shimmering altar of Xom.
  2064 | D:4      | Found a hide-covered altar of Uskayaw.
  2177 | D:2      | Reached skill level 2 in Ice Magic
  2190 | D:2      | Reached XP level 5. HP: 40/48 MP: 10/10
  2922 | D:4      | Reached skill level 3 in Ice Magic
  3318 | D:4      | Reached * piety under Okawaru
  3319 | D:4      | Reached XP level 6. HP: 45/59 MP: 9/11
  3403 | D:4      | Noticed Robin
  3406 | D:4      | Killed Robin
  3407 | D:4      | Reached skill level 4 in Ice Magic
  3522 | D:4      | Found a sparkling altar of Nemelex Xobeh.
  3534 | D:4      | Found an opulent altar of Gozag.
  3534 | D:4      | Found a burning altar of Makhleb.
  3586 | D:4      | Found a radiant altar of Vehumet.
  3591 | D:4      | Found a bloodstained altar of Trog.
  3648 | D:5      | Entered Level 5 of the Dungeon
  3956 | D:5      | Noticed an ice beast
  3982 | D:5      | Killed an ice beast
  3983 | D:5      | Reached skill level 5 in Ice Magic
  3983 | D:5      | Reached XP level 7. HP: 43/66 MP: 1/12
  4173 | D:5      | Found Saewem's Antique Armour Boutique.
  4505 | D:5      | Reached skill level 6 in Ice Magic
  5757 | D:6      | Reached skill level 7 in Ice Magic
  5757 | D:6      | Reached XP level 8. HP: 27/69 MP: 4/13
  6058 | D:6      | Reached skill level 1 in Translocations
  6166 | D:6      | Reached skill level 1 in Throwing
  6275 | D:6      | Reached ** piety under Okawaru
  6761 | D:7      | Noticed Joseph
  6789 | D:6      | Reached skill level 5 in Spellcasting
  6982 | D:7      | Reached skill level 8 in Ice Magic
  7162 | D:6      | Reached XP level 9. HP: 44/80 MP: 8/17
  7168 | D:6      | Learned a level 5 spell: Blade Hands
  7388 | D:7      | Found a flagged portal.
  7399 | Bailey   | Entered a bailey
  7636 | Bailey   | Reached *** piety under Okawaru
  7769 | Bailey   | Noticed an orc knight
  7804 | Bailey   | Killed an orc knight
  7847 | Bailey   | HP: 2/80 [orc/+0 trident (7)]
  7850 | Bailey   | Reached skill level 1 in Unarmed Combat
  7852 | Bailey   | HP: 4/80 [orc/+0 trident (6)]
  7853 | Bailey   | Slain by an orc

Illustrated notes

Levels and vault maps discovered:
D:1:      saegor_arrival_under_anarchy, layout_rooms, grunt_decor_mini_mirrors
D:2:      layout_basic
D:3:      minmay_recursive_quarters, layout_loops_cross,
          okawaru_altar_gauntlet_db, xom_redecorated, kennysheep_orc_sif_temple,
          corexii_shack
D:4:      layout_rooms, grunt_temple_overflow_cloverleaf, minitemple, uniq_robin
D:5:      layout_basic, serial_shops, shop
D:6:      layout_gridville
D:7:      layout_cave_pools, minmay_temple_entry_stoned_glass, enter_bailey_5,
          serial_shops, nicolae_shop_stone, uniq_joseph, uniq_pikel
Bailey:   bailey_polearm_elven_captive_hellmonk, bailey

Skill      XL: |  1  2  3  4  5  6  7  8  9 |
---------------+----------------------------+-----
Conjurations   | 3 |  3.7
Spellcasting   | 3 5 |  5.7
Ice Magic      | 2 3 5 7 8 |  8.4
Translocations | 1 |  1.0
Throwing       | 1 |  1.1
Transmutations | 4 |  4.9
Unarmed Combat | 1 |  1.3
Fighting       | |  2.7
Axes           | |  3.0
Dodging        | |  1.8

Action                   |  1- 3 |  4- 6 |  7- 9 || total
-------------------------+-------+-------+-------++-------
Melee: Hand axe          |    76 |   180 |   184 ||   440
       Punch             |     1 |     2 |     3 ||     6
       Unarmed           |       |       |     6 ||     6
 Cast: Momentum Strike   |    12 |    27 |    27 ||    66
       Kiss of Death     |       |     1 |     3 ||     4
       Hailstorm         |       |     7 |    36 ||    43
       Ozocubu's Armour  |       |     1 |     8 ||     9
       Blade Hands       |       |       |     1 ||     1
Evoke: Wand              |       |     1 |    13 ||    14
  Use: Scroll            |       |       |     7 ||     7
       Potion            |       |       |     2 ||     2
Armor: Robe              |    30 |    68 |   135 ||   233
Dodge: Dodged            |    46 |    87 |   134 ||   267

Table legend: (Time is in decaauts)
 A = Elapsed time spent in this place.
 B = Non-inter-level travel time spent in this place.
 C = Inter-level travel time spent in this place.
 D = Time resting spent in this place.
 E = Time spent auto-exploring this place.
 F = Levels seen in this place.
 G = Mean time per level.
                   A        B        C        D        E       F      G
               +--------+--------+--------+--------+--------+-----+--------+
         Total |   7924 |   7641 |    283 |   1607 |   4813 |   8 |  990.5 |
       Dungeon |   7471 |   7188 |    283 |   1276 |   4762 |   7 | 1067.3 |
        Bailey |    453 |    453 |      0 |    331 |     51 |   1 |  453.0 |
               +--------+--------+--------+--------+--------+-----+--------+

Top non-repeatable levels by time:
     D:5: 1962 daAuts
     D:6: 1700 daAuts
     D:3: 1234 daAuts
     D:4: 924 daAuts
     D:2: 765 daAuts
     D:1: 760 daAuts
  Bailey: 453 daAuts
     D:7: 122 daAuts
